 Dungeon Crawl Stone Soup version 0.13-a0-2643-gffe6e9f (console) character file.

361 5ubbak the Vexing (level 5, 0/35 HPs)
             Began as a Vampire Enchanter on Aug 8, 2013.
             Slain by a gnoll
             ... wielding a +0,+0 spear
              (10 damage)
             ... on Level 3 of the Dungeon.
             The game lasted 00:11:09 (2898 turns).

5ubbak the Vexing (Vampire Enchanter)               Turns: 2898, Time: 00:11:09

HP   0/35        AC  5     Str  8      XL: 5   Next: 29%
MP   1/10        EV 13     Int 17      God:
Gold 186         SH  0     Dex 14      Spells:  3 memorised,  2 levels left

Res.Fire  : . . .   See Invis. : +   a - +1 dagger {=f}
Res.Cold  : . . .   Warding    : .   b - +1 robe
Life Prot.: . . .   Conserve   : .   (no shield)
Res.Poison: .       Res.Corr.  : .   (no helmet)
Res.Elec. : .       Clarity    : .   (no cloak)
Sust.Abil.: . .     Spirit.Shd : .   p - +1 pair of dwarf gloves
Res.Mut.  : .       Stasis     : .   (no boots)
Res.Rott. : .       Flight     : .   (no amulet)
Saprovore : . . .                    (no ring)
                                     (no ring)

@: regenerating quickly, slightly resistant to hostile enchantments, quite
stealthy
A: fangs 3, see invisible, unbreathing
a: no special abilities


You were on level 3 of the Dungeon.
You were full.

You visited 1 branch of the dungeon, and saw 3 of its levels.

You collected 166 gold pieces.

Inventory:

Hand weapons
 a - a +1,+1 dagger (weapon) {=f}
Missiles
 d - 12 darts (quivered)
Armour
 b - a +1 robe (worn)
 p - a +1 pair of dwarven gloves (worn)
Scrolls
 e - a scroll of curse weapon {unknown}
 g - 2 scrolls of teleportation {unknown}
 h - 3 scrolls of fog {unknown}
 i - 6 scrolls of remove curse {unknown}
 l - 3 scrolls of identify {unknown}
 n - 3 scrolls of enchant weapon I {unknown}
 q - 2 scrolls of enchant armour {unknown}
 r - a scroll of random uselessness {unknown}
Potions
 f - 2 potions of curing {unknown}
 j - 2 potions of heal wounds {unknown}
 k - 3 potions of degeneration {unknown}
 m - a potion of brilliance {unknown}
 o - a potion of cure mutation {unknown}
Books
 c - a book of Maledictions

   Spells                             Type                      Level
   *Corona                            Hexes                        1
   Sure Blade                         Hexes/Charms                 2
   *Ensorcelled Hibernation           Hexes/Ice                    2
   *Confuse                           Hexes                        3
   Enslavement                        Hexes                        4
   Invisibility                       Hexes                        6


   Skills:
 + Level 0.3 Fighting
 + Level 1.3 Short Blades
 - Level 0.7 Throwing
 + Level 3.2 Dodging
 * Level 5.4 Stealth
 + Level 2.0 Spellcasting
 + Level 5.6 Hexes
 + Level 1.1 Ice Magic


You had 2 spell levels left.
You knew the following spells:

 Your Spells              Type           Power        Failure   Level  Hunger
a - Corona                Hex            ###....      1%          1    #......
b - Ensorcelled Hibernat  Hex/Ice        ##....       10%         2    ##.....
c - Confuse               Hex            ###.....     8%          3    ####...


Dungeon Overview and Level Annotations

Branches:
Dungeon (3/27)

Altars:
Elyvilon
the Shining One


Innate Abilities, Weirdness & Mutations

Your natural rate of healing is unusually fast.
You have razor-sharp teeth.*
You have supernaturally acute eyesight.
You can survive without breathing.*


Message History

The gnoll looks drowsy...
The gnoll shouts!
The gnoll hits you with a spear!
Found a scroll labeled FADUIMU KHYGIMA.
Items here: $ % )) [ a whip; a spear; a scale mail; a gnoll corpse; 10 gold pieces You hit the gnoll.
The gnoll is moderately wounded.
The gnoll closely misses you.
You hit the gnoll.
The gnoll is heavily wounded.
The gnoll hits you with a spear!
You hit the gnoll but do no damage. You bite the gnoll.
The gnoll is severely wounded.
You hit the gnoll but do no damage.
The gnoll is severely wounded.
The gnoll hits you with a spear.
* * * LOW HITPOINT WARNING * * *
The gnoll hits you from afar with a spear!
You die...

. ?.. .... .....
###################
......r#.@................
......gg)................)
.......#.#################
..... #.# ######## ....
#.# #....... ##. #.#
#....... # ... #.......
... #....... ... ........


You could see a gnoll and a hobgoblin.

Vanquished Creatures
  2 orc wizards (D:3)
  Jessica (D:2)
  2 gnolls (D:3)
  2 adders
  3 oozes
  A giant gecko (D:3)
  3 orcs (D:3)
  3 bats
  3 giant cockroaches
  9 hobgoblins
  7 jackals (D:2)
  3 quokkas
  A giant newt (D:2)
  8 goblins
  6 kobolds
  10 rats
64 creatures vanquished.

Notes
Turn   | Place    | Note
--------------------------------------------------------------
     0 | D:1      | 5ubbak, the Vampire Enchanter, began the quest for the Orb.
     0 | D:1      | Reached XP level 1. HP: 13/13 MP: 4/4
   236 | D:1      | Reached XP level 2. HP: 7/19 MP: 5/5
   793 | D:1      | Learned a level 2 spell: Ensorcelled Hibernation
   986 | D:1      | Reached skill level 5 in Hexes
  1279 | D:2      | Reached XP level 3. HP: 22/24 MP: 1/7
  1280 | D:2      | +Str
  1443 | D:2      | Found a glowing golden altar of the Shining One.
  1747 | D:2      | Found a white marble altar of Elyvilon.
  2180 | D:2      | Noticed Jessica
  2201 | D:2      | Killed Jessica
  2201 | D:2      | Reached XP level 4. HP: 30/30 MP: 5/8
  2206 | D:2      | Learned a level 3 spell: Confuse
  2530 | D:3      | Reached skill level 1 in Ice Magic
  2820 | D:3      | Reached skill level 5 in Stealth
  2820 | D:3      | Reached XP level 5. HP: 35/35 MP: 6/10
  2898 | D:3      | Slain by a gnoll

Action                   |  1- 3 |  4- 6 || total
-------------------------+-------+-------++-------
Melee: Dagger            |   153 |    45 ||   198
 Cast: Corona            |     9 |     2 ||    11
       Ensorcelled Hiber |    17 |    15 ||    32
       Confuse           |       |     4 ||     4
 Stab: Sleeping          |    10 |    13 ||    23
       Confused          |       |     2 ||     2
